AoeStats
← maximummax2312

Arabia

510357116Analyzed
1v1 RM · 2d ago on Sep 30, 2026· 36m 9s· 2 players
Game mode
Random Map
Map size
Tiny (2 player)
Population
200
Speed
Normal
Resources
Standard
Victory
Conquest
Starting age
Dark Age
Ending age
Imperial Age
RankedLock teamsTeams togetherTeam positionsShared explorationLock speedFull tech treeHidden civsTurbo modeCheats
Victory
Defeat
🇺🇸 Britons · United States
852
+17
🇩🇪 Turks · Germany
863
-46
DoneDitDat
6:47 Loom
10:33 Feudal Age
12:13 Double-Bit Axe
18:14 Fletching
19:19 Horse Collar
22:22 Castle Age
20:45 Padded Archer Armor
23:11 Crossbowman
23:49 Bodkin Arrow
24:10 Leather Archer Armor
32:20 Ballistics
37:18 Imperial Age
maximummax2312
0:29 Loom
24:22 Feudal Age
Connection lost

Rejoining the realm…

Still unreachable

The connection could not be restored.

Session expired

The server has moved on; the page needs a fresh start.